 Dungeon Crawl Stone Soup version 0.30-a0-272-gf98c3da03f (webtiles) character file.

Game seed: 2073913358391885472

520 greasedhog the Covered (level 7, -3/62 HPs)
             Began as a Minotaur Fighter on Oct 16, 2022.
             Was an Initiate of Okawaru.
             Killed from afar by an orc wizard (7 damage)
             ... with a puff of flame
             ... on level 4 of the Dungeon.
             The game lasted 00:04:11 (3752 turns).

greasedhog the Covered (Minotaur Fighter)           Turns: 3752, Time: 00:04:11

Health: -3/62      AC: 12    Str: 22    XL:     7   Next: 1%
Magic:  6/6        EV:  7    Int:  5    God:    Okawaru [......]
Gold:   199        SH:  5    Dex: 10    Spells: 6/6 levels left

rFire   . . .      SeeInvis .    a - +0 war axe
rCold   . . .      Faith    .    c - +0 buckler
rNeg    . . .      Spirit   .    s - +0 chain mail
rPois   .          Reflect  .    (helmet restricted)
rElec   .          Harm     .    f - +0 cloak
rCorr   .          Rampage  .    l - +0 pair of gloves
Will    .....                    (no boots)
Stlth   ..........               (no amulet)
HPRegen 0.30/turn                (no ring)
MPRegen 0.10/turn                (no ring)

@: no status effects
A: horns 2, retaliatory headbutt
a: Renounce Religion


You were on level 4 of the Dungeon.
You worshipped Okawaru.
Okawaru was noncommittal.
You visited 1 branch of the dungeon, and saw 4 of its levels.

You collected 199 gold pieces.

Inventory:

Hand Weapons
 a - a +0 war axe (weapon)
Armour
 c - a +0 buckler (worn)
 f - a +0 cloak (worn)
 l - a +0 pair of gloves (worn)
 s - a +0 chain mail (worn)
Jewellery
 g - a ring of fire
 n - a +4 ring of protection
Wands
 o - a wand of flame (8)
Scrolls
 e - a scroll of butterflies
 j - a scroll of enchant armour
 p - a scroll of fear {unknown}
 r - a scroll of poison
Potions
 b - a potion of mutation {unknown}
 d - a potion of might
 h - a potion of resistance {unknown}
 i - a potion of curing {unknown}
 k - a potion of heal wounds {unknown}
 m - 2 potions of degeneration {unknown}
 q - 2 potions of attraction {unknown}


   Skills:
 * Level 5.6 Fighting
 * Level 5.0 Axes
 * Level 5.7 Armour
 * Level 5.7 Shields
 + Level 0.3 Invocations


You had 6 spell levels left.
You didn't know any spells.
Your spell library contained the following spells:

 Spells                   Type           Power      Damage    Failure   Level
 Sublimation of Blood     Necr           0%         N/A       100%        2
 Wereblood                Tmut           0%         N/A       100%        2
 Gell's Gravitas          Tloc           0%         N/A       100%        3
 Hailstorm                Conj/Ice       0%         3d3       100%        3
 Teleport Other           Tloc           0%         N/A       100%        3
 Ice Form                 Ice/Tmut       0%         N/A       100%        4
 Dispersal                Tloc           0%         N/A       100%        6
 Simulacrum               Ice/Necr       Unusable   N/A       N/A         6
 Summon Hydra             Summ           Unusable   N/A       N/A         7

Dungeon Overview and Level Annotations

Branches:
Dungeon (4/15)
 Temple: D:4-7

Altars:
Hepliaklqana
Makhleb
Okawaru
Yredelemnul


Innate Abilities, Weirdness & Mutations

You have a pair of horns on your head.
You reflexively headbutt those who attack you in melee.


Message History

The magic dart hits you but does no damage.
You barely miss the orc priest.
The orc priest is severely wounded.
You closely miss something.
The orc priest hits you but does no damage.
Something hits you but does no damage.
Unknown command.
You hit the orc priest. You headbutt the orc priest.
You kill the orc priest!
Okawaru accepts your kill.
You hit something but do no damage. Something hits you.
* * * LOW HITPOINT WARNING * * *
Your Axes skill increases to level 5!
You have reached level 7!
You closely miss something. Your headbutt misses something.
Something hits you but does no damage. x2
You closely miss something. Something hits you but does no damage.
You miss something. Something hits you but does no damage.
You miss something. Your headbutt misses something.
Something hits you but does no damage. x2
You barely miss something.
You hear some strange, mumbled words.
You are confused.
You miss something. Something hits you but does no damage.
Something hits you but does no damage.
You nearly stumble into some lava!
Something hits you but does no damage.
You miss something. Something hits you.
* * * LOW HITPOINT WARNING * * *
You nearly stumble into some lava!
Something hits you.
* * * LOW HITPOINT WARNING * * *
Something hits you but does no damage.
You feel less confused. Something hits you but does no damage.
You closely miss something. Your headbutt misses something. Something hits you.
* * * LOW HITPOINT WARNING * * *
You barely miss something.
You hear some strange, mumbled words.
A puff of flame appears from out of thin air!
The puff of flame hits you!
You die...

.# #.##≈.....≈# .#
#.##≈.....≈# .# #.##≈.≈.≈.≈#
.# #.##..≈.≈..# .####
#.##.≈...≈.# ....#
#.##.≈...≈.#
###.#######.##.....=.#
#.........##..{≈)..#
############≈≈@).≈≈#
#≈≈...≈≈#####.#
#################.##.......#
...............##....####
##############.#####.#
#.......# #########


There were no monsters in sight!

Vanquished Creatures
  A centaur (D:4)
  Blork the orc (D:4)
  A necrophage (D:4)
  A howler monkey (D:4)
  A jelly (D:3)
  An orc priest (D:4)
  Terence (D:3)
  An orc wizard (D:4)
  4 adders
  4 gnolls
  A white imp (D:4)
  2 worms (D:3)
  5 dart slugs
  5 orcs (D:4)
  7 endoplasms
  3 giant cockroaches
  5 goblins
  3 hobgoblins
  10 kobolds
  5 quokkas
  8 ball pythons
  3 bats
  2 frilled lizards
  7 rats
82 creatures vanquished.

Notes
Turn   | Place    | Note
-------+----------+-------------------------------------------
     0 | D:1      | greasedhog the Minotaur Fighter began the quest for the
                  | Orb.
     0 | D:1      | Reached XP level 1. HP: 19/19 MP: 0/0
   346 | D:1      | Reached XP level 2. HP: 26/27 MP: 1/1
   971 | D:2      | Reached XP level 3. HP: 29/33 MP: 2/2
  1521 | D:2      | Reached XP level 4. HP: 6/40 MP: 3/3
  2036 | D:3      | Noticed Terence
  2052 | D:3      | Killed Terence
  2372 | D:3      | Reached XP level 5. HP: 41/47 MP: 4/4
  2478 | D:3      | Found a hazy altar of Hepliaklqana.
  2829 | D:4      | Reached skill level 5 in Fighting
  2829 | D:4      | Reached skill level 5 in Armour
  2829 | D:4      | Reached skill level 5 in Shields
  2873 | D:4      | Noticed Blork the orc
  2879 | D:4      | Killed Blork the orc
  2880 | D:4      | Reached XP level 6. HP: 26/56 MP: 5/5
  3483 | D:4      | Found a basalt altar of Yredelemnul.
  3485 | D:4      | Found a burning altar of Makhleb.
  3518 | D:4      | Found an iron altar of Okawaru.
  3522 | D:4      | Became a worshipper of Warmaster Okawaru
  3739 | D:4      | Reached skill level 5 in Axes
  3739 | D:4      | Reached XP level 7. HP: 6/62 MP: 6/6
  3752 | D:4      | Killed from afar by an orc wizard

Illustrated notes

Levels and vault maps discovered:
D:1:      psy_arrival_heroes, layout_basic
D:2:      layout_loops_corners, minmay_hexomino_c4
D:3:      layout_basic, nicolae_overflow_crystal_walls,
          kennysheep_generic_room_10, uniq_terence
D:4:      layout_loops_ring, nicolae_uskayaw_suspiria,
          grunt_temple_overflow_diamond, kennysheep_diamond,
          kennysheep_opposing_triangles, uniq_blork_the_orc

Skill      XL: |  1  2  3  4  5  6 |
---------------+-------------------+-----
Fighting       | 4 5 |  5.6
Axes           | 3 4 5 |  5.0
Armour         | 4 5 |  5.7
Shields        | 4 5 |  5.7
Invocations    | |  0.3

Action                   |  1- 3 |  4- 6 |  7- 9 || total
-------------------------+-------+-------+-------++-------
Melee: War axe           |    52 |   120 |     9 ||   181
       Headbutt          |     4 |    20 |       ||    24
  Use: Scroll            |     5 |     3 |       ||     8
Armor: Scale mail        |    35 |    11 |       ||    46
       Chain mail        |       |    51 |    11 ||    62
Dodge: Dodged            |    29 |    41 |       ||    70
Block: Buckler           |    11 |    22 |       ||    33

Table legend: (Time is in decaauts)
 A = Elapsed time spent in this place.
 B = Non-inter-level travel time spent in this place.
 C = Inter-level travel time spent in this place.
 D = Time resting spent in this place.
 E = Time spent auto-exploring this place.
 F = Levels seen in this place.
 G = Mean time per level.
                   A        B        C        D        E       F      G
               +--------+--------+--------+--------+--------+-----+--------+
         Total |   3816 |   3590 |    226 |    400 |   2594 |   4 |  954.0 |
       Dungeon |   3816 |   3590 |    226 |    400 |   2594 |   4 |  954.0 |
               +--------+--------+--------+--------+--------+-----+--------+

Top non-repeatable levels by time:
     D:2: 1279 daAuts
     D:4: 977 daAuts
     D:3: 792 daAuts
     D:1: 767 daAuts
